Canucks vs Capitals

Created - February 16, 2022 at 23:17

Goals
1 2 3 T
Canucks 0 1 1 2
Capitals 2 1 0 3
Shots
1 2 3 T
Canucks 16 12 12 40
Capitals 12 12 11 35

1st period

1. Capitals , Brad Richardson 7 (Victor Hedman 8, Steve Bernier 4) at 16:28 (PP)
2. Capitals , Sean Monahan 11 (Victor Hedman 9) at 17:56

Penalties :
Alex Goligoski (Van) for High sticking (Minor) at 11:54, Alex Goligoski (Van) for Roughing (Minor) at 15:17

2nd period

3. Canucks , Michael Kostka 4 (Derek Roy 12, Shea Weber 10) at 1:44 (PP)
4. Capitals , Steve Bernier 3 (Jason Spezza 17, Alexei Marchenko 8) at 4:53

Penalties :
PK Subban (Was) for High sticking (Minor) at 0:18, Anton Zlobin (Van) for Interference (Minor) at 9:42

3rd period

5. Canucks , Fabian Brunnstrom 11 (Alex Goligoski 18, Jason Akeson 12) at 8:09

Penalties :
Brad Richardson (Was) for Hooking (Minor) at 3:35, Jason Akeson (Van) for Tripping (Minor) at 12:08, Alexei Marchenko (Was) for Holding (Minor) at 18:12

Goalie Stats

Alexandar Georgiev (Van), 32 saves from 35 shots - (0.914), L, 1-3-0, 60:00 minutes
Chet Pickard (Was), 38 saves from 40 shots - (0.950), W, 2-2-1, 60:00 minutes

Players Stats for Canucks

Player Name              G  A  P  +/- PIM S  H  SB GA TA FO     MP     PP MP  PK MP  
------------------------------------------------------------------------------------
Alex Goligoski           0  1  1   0  4   4  3  2  0  1  0/0    26:46   3:34   2:06 
Anton Zlobin             0  0  0   0  2   0  0  0  0  0  0/1     7:56   0:00   0:00 
Ben Smith                0  0  0  -1  0   2  1  1  0  0  1/2    21:32   3:07   1:53 
Brandon Gormley          0  0  0   0  0   0  0  2  0  0  0/0     9:33   0:00   0:22 
Cody Eakin               0  0  0   0  0   0  1  0  0  0  3/5     8:56   0:00   0:24 
Derek Roy                0  1  1   0  0   8  0  1  2  0  8/19   20:03   2:05   4:03 
Fabian Brunnstrom        1  0  1   0  0   4  1  0  0  0  0/0     9:58   0:00   0:58 
Gustav Nyquist           0  0  0   0  0   1  0  0  0  0  0/0     7:30   0:00   0:00 
Ilya Kovalchuk           0  0  0   0  0   7  1  0  0  0  0/0    16:15   2:05   0:00 
Jamie Benn               0  0  0   0  0   0  3  0  0  1  2/3    16:15   2:05   0:00 
Jason Akeson             0  1  1   0  2   6  0  0  0  1  1/1     9:31   0:00   0:00 
Jeff Schultz             0  0  0  -1  0   0  0  0  1  0  0/0    26:37   3:34   3:52 
Maxim Talbot             0  0  0   0  0   0  0  0  1  0  1/1     9:04   0:00   1:01 
Michael Kostka           1  0  1   0  0   4  4  1  0  3  0/0    25:05   1:38   3:27 
Robert Nilsson           0  0  0  -1  0   4  3  1  0  0  12/29  24:09   3:07   4:04 
Sam Gagner               0  0  0  -1  0   0  3  0  1  0  2/2    21:32   3:07   1:53 
Shea Weber               0  1  1  -1  0   0  0  1  0  0  0/0    22:14   1:38   3:06 
Yann Sauvé               0  0  0   0  0   0  1  0  0  0  0/0     9:52   0:00   1:23 

Players Stats for Capitals

Player Name              G  A  P  +/- PIM S  H  SB GA TA FO     MP     PP MP  PK MP  
------------------------------------------------------------------------------------
Alexei Marchenko         0  1  1   1  2   0  1  3  1  0  0/0    17:55   0:00   3:13 
Blake Pietila            0  0  0   0  0   1  0  0  0  1  0/1    16:11   3:26   0:22 
Brad Richardson          1  0  1   0  2   3  2  1  0  0  10/15  16:22   3:26   0:22 
Cameron Gaunce           0  0  0   0  0   1  0  1  0  1  0/0    18:19   2:25   1:05 
Jason Spezza             0  1  1   1  0   4  3  1  0  0  16/30  22:05   3:42   3:32 
Mark Stone               0  0  0   0  0   1  2  0  0  0  0/1    12:37   0:21   0:00 
Mike Cammalleri          0  0  0   1  0   2  3  1  0  0  1/1    20:03   3:42   1:18 
Nikita Zaitsev           0  0  0   1  0   1  1  3  0  0  0/0    17:43   2:25   1:07 
Patrick Sharp            0  0  0  -1  0   0  1  0  0  0  1/1    10:11   0:00   0:00 
PK Subban                0  0  0   0  2   2  1  0  0  1  0/0    26:05   4:43   2:39 
Rick Nash                0  0  0   1  0   2  0  1  0  0  0/0    10:03   0:00   0:00 
Samuel Morin             0  0  0   1  0   2  3  0  0  0  0/0    13:35   0:00   3:32 
Sean Monahan             1  0  1   1  0   6  1  0  1  0  3/6    11:33   0:00   1:18 
Steve Bernier            1  1  2   1  0   6  0  1  1  0  0/1    18:36   3:26   0:00 
T.J. Oshie               0  0  0  -1  0   0  0  0  0  0  1/2    13:20   3:21   0:00 
Trevor Daley             0  0  0   1  0   1  1  0  0  0  0/0    14:07   0:00   0:00 
Victor Hedman            0  2  2  -1  0   1  0  1  2  2  0/0    25:49   4:43   2:20 
William Karlsson         0  0  0  -1  0   2  0  0  1  0  1/5    10:11   0:00   0:00 

3 Stars

1 - Chet Pickard (Was)
2 - Steve Bernier (Was)
3 - Sean Monahan (Was)

Power Play

Canucks - 1 on 3 Attempt(s) - 33.33%
Capitals - 1 on 4 Attempt(s) - 25.00%

Penalty Kill

Canucks - 3 on 4 Attempt(s) - 75.00% - Score 0 goal in Penalty Kill
Capitals - 2 on 3 Attempt(s) - 66.67% - Score 0 goal in Penalty Kill

Team Stat

Canucks - Hits : 21 - Faceoff Wins : 30 - Blocked Shots : 9 - Penalty Minutes : 8
Capitals - Hits : 19 - Faceoff Wins : 33 - Blocked Shots : 13 - Penalty Minutes : 6

Official

Referees : Tim Peel and Wes McCauley
Linesman : David Brisebois and Brandon Gawryletz

Game Notes

No Game Note

Finance

Level 1 -- Attendance: 5367 (89.45%) -- Ticket Income $536,700
Level 2 -- Attendance: 4584 (91.68%) -- Ticket Income $275,040
Level 3 -- Attendance: 1839 (91.95%) -- Ticket Income $64,365
Level 4 -- Attendance: 3751 (93.78%) -- Ticket Income $93,775
Luxury Box -- Attendance: 895 (89.50%) -- Ticket Income $179,000
Game was played at the Capital One Arena.
Total Attendance: 16436 (91.31%)
Total Ticket Income: $1,148,880
Other Income: $172,332
Total Income: $1,321,212

Canucks

5 vs 5 Forward 
   Center                   Left Wing                Right Wing               Time % Phy DF OF 
 1 Robert Nilsson           Sam Gagner               Ben Smith                50     2   0  3  
 2 Derek Roy                Jamie Benn               Ilya Kovalchuk           35     1   2  2  
 3 Cody Eakin               Fabian Brunnstrom        Jason Akeson             10     2   3  0  
 4 Maxim Talbot             Gustav Nyquist           Anton Zlobin             5      2   3  0  

5 vs 5 Defense 
   Defense                  Defense                                           Time % Phy DF OF 
 1 Michael Kostka           Alex Goligoski                                    50     1   2  2  
 2 Jeff Schultz             Shea Weber                                        35     0   3  2  
 3 Brandon Gormley          Yann Sauvé                                        10     1   3  1  
 4 Jeff Schultz             Alex Goligoski                                    5      0   4  1  

PowerPlay Forward 
   Center                   Left Wing                Right Wing               Time % Phy DF OF 
 1 Robert Nilsson           Sam Gagner               Ben Smith                60     0   0  5  
 2 Derek Roy                Jamie Benn               Ilya Kovalchuk           40     0   2  3  

PowerPlay Defense
   Defense                  Defense                                           Time % Phy DF OF 
 1 Jeff Schultz             Alex Goligoski                                    60     0   0  5  
 2 Michael Kostka           Shea Weber                                        40     0   0  5  

Penalty Kill 4 Players Forward 
   Center                   Wing                     Time % Phy DF OF 
 1 Derek Roy                Robert Nilsson           60     2   3  0  
 2 Ben Smith                Sam Gagner               40     3   2  0  

Penalty Kill 4 Players Defense
   Defense                  Defense                  Time % Phy DF OF 
 1 Jeff Schultz             Alex Goligoski           60     3   2  0  
 2 Michael Kostka           Shea Weber               40     2   3  0  

Penalty Kill - 3 Players Forward 
   Forward                                           Time % Phy DF OF 
 1 Derek Roy                                         60     1   2  2  
 2 Robert Nilsson                                    40     1   2  2  

Penalty Kill - 3 Players Defense
   Defense                  Defense                  Time % Phy DF OF 
 1 Jeff Schultz             Alex Goligoski           60     1   2  2  
 2 Michael Kostka           Shea Weber               40     1   2  2  

4 vs 4 Forward 
   Center                   Wing                     Time % Phy DF OF 
 1 Robert Nilsson           Sam Gagner               60     1   2  2  
 2 Derek Roy                Ben Smith                40     1   2  2  

4 vs 4 Defense
   Defense                  Defense                  Time % Phy DF OF 
 1 Jeff Schultz             Alex Goligoski           60     1   2  2  
 2 Michael Kostka           Shea Weber               40     1   2  2  

Last Minutes Offensive
   Center                   Left Wing                Right Wing               Defense                  Defense                  
   Derek Roy                Sam Gagner               Ben Smith                Jeff Schultz             Alex Goligoski           

Last Minutes Defensive
   Center                   Left Wing                Right Wing               Defense                  Defense                  
   Derek Roy                Sam Gagner               Ben Smith                Jeff Schultz             Alex Goligoski           

Goaltenders
Starting : Alexandar Georgiev       
Backup : Philipp Grubauer         

Extra Forwards
Normal : Fabian Brunnstrom, Jason Akeson, Maxim Talbot - PP : Fabian Brunnstrom, Jason Akeson - PK : Maxim Talbot
Extra Defensemen
Normal : Brandon Gormley, Yann Sauvé, Michael Kostka - PP : Brandon Gormley - PK : Yann Sauvé, Michael Kostka
Penalty Shots
Derek Roy, Robert Nilsson, Ben Smith, Sam Gagner, Ilya Kovalchuk

Scratches
Ben Lovejoy (Healthy), Simon Despres (Healthy), Pekka Rinne (Healthy)

Capitals

5 vs 5 Forward 
   Center                   Left Wing                Right Wing               Time % Phy DF OF 
 1 Jason Spezza             Mike Cammalleri          Steve Bernier            35     0   1  4  
 2 Brad Richardson          Blake Pietila            Mark Stone               25     0   2  3  
 3 Sean Monahan             Samuel Morin             Rick Nash                20     0   2  3  
 4 William Karlsson         Patrick Sharp            T.J. Oshie               20     0   3  2  

5 vs 5 Defense 
   Defense                  Defense                                           Time % Phy DF OF 
 1 Victor Hedman            PK Subban                                         35     0   3  2  
 2 Alexei Marchenko         Cameron Gaunce                                    30     0   4  1  
 3 Trevor Daley             Nikita Zaitsev                                    30     0   4  1  
 4 Victor Hedman            PK Subban                                         5      0   3  2  

PowerPlay Forward 
   Center                   Left Wing                Right Wing               Time % Phy DF OF 
 1 Jason Spezza             Mike Cammalleri          T.J. Oshie               60     0   1  4  
 2 Brad Richardson          Blake Pietila            Steve Bernier            40     0   1  4  

PowerPlay Defense
   Defense                  Defense                                           Time % Phy DF OF 
 1 PK Subban                Victor Hedman                                     60     0   2  3  
 2 Cameron Gaunce           Nikita Zaitsev                                    40     0   2  3  

Penalty Kill 4 Players Forward 
   Center                   Wing                     Time % Phy DF OF 
 1 Jason Spezza             Samuel Morin             60     0   4  1  
 2 Sean Monahan             Mike Cammalleri          40     0   4  1  

Penalty Kill 4 Players Defense
   Defense                  Defense                  Time % Phy DF OF 
 1 PK Subban                Alexei Marchenko         60     0   4  1  
 2 Victor Hedman            Nikita Zaitsev           40     0   4  1  

Penalty Kill - 3 Players Forward 
   Forward                                           Time % Phy DF OF 
 1 Jason Spezza                                      60     0   5  0  
 2 Sean Monahan                                      40     0   5  0  

Penalty Kill - 3 Players Defense
   Defense                  Defense                  Time % Phy DF OF 
 1 PK Subban                Alexei Marchenko         60     0   5  0  
 2 Victor Hedman            Nikita Zaitsev           40     0   5  0  

4 vs 4 Forward 
   Center                   Wing                     Time % Phy DF OF 
 1 Jason Spezza             Mike Cammalleri          60     0   2  3  
 2 Sean Monahan             Rick Nash                40     0   2  3  

4 vs 4 Defense
   Defense                  Defense                  Time % Phy DF OF 
 1 PK Subban                Victor Hedman            60     0   2  3  
 2 Cameron Gaunce           Alexei Marchenko         40     0   2  3  

Last Minutes Offensive
   Center                   Left Wing                Right Wing               Defense                  Defense                  
   Jason Spezza             Mike Cammalleri          Mark Stone               PK Subban                Victor Hedman            

Last Minutes Defensive
   Center                   Left Wing                Right Wing               Defense                  Defense                  
   Jason Spezza             Samuel Morin             Rick Nash                PK Subban                Victor Hedman            

Goaltenders
Starting : Chet Pickard             
Backup : Cory Schneider           

Extra Forwards
Normal : Jason Spezza, Mike Cammalleri, T.J. Oshie - PP : Jason Spezza, Mike Cammalleri - PK : Jason Spezza
Extra Defensemen
Normal : PK Subban, Victor Hedman, Alexei Marchenko - PP : PK Subban - PK : Victor Hedman, PK Subban
Penalty Shots
Jason Spezza, Mike Cammalleri, Mark Stone, Patrick Sharp, Victor Hedman

Scratches
Alexander Radulov (Healthy), Antoine Vermette (Healthy), Jared Spurgeon (Healthy), Kevin Connauton (Healthy)

% Time on Ice - Canucks

Lines # - Real PCT - Wanted PCT - Time Play
Normal Forward
1 - 38% - 50% - 17:56
2 - 30% - 35% - 14:26
3 - 16% - 10% - 7:48
4 - 16% - 5% - 7:30
Normal Defense
1 - 44% - 50% - 20:53
2 - 37% - 35% - 17:30
3 - 18% - 10% - 8:29
4 - 2% - 5% - 0:48
PP Forward
1 - 60% - 60% - 3:07
2 - 40% - 40% - 2:05
PP Defense
1 - 69% - 60% - 3:34
2 - 31% - 40% - 1:38
PK Forward
1 - 74% - 60% - 5:15
2 - 26% - 40% - 1:53
PK Defense
1 - 57% - 60% - 4:02
2 - 43% - 40% - 3:06
PK3 Forward
1 - 0% - 60%
2 - 0% - 40%
PK3 Defense
1 - 0% - 60%
2 - 0% - 40%
44 Forward
1 - 0% - 60%
2 - 0% - 40%
44 Defense
1 - 0% - 60%
2 - 0% - 40%
Last Minute Offensive  - 0:00
Last Minute Defensive  - 0:00
Total
Forward - 60:00
Defense - 60:00

% Time on Ice - Capitals

Lines # - Real PCT - Wanted PCT - Time Play
Normal Forward
1 - 31% - 35% - 14:51
2 - 26% - 25% - 12:35
3 - 21% - 20% - 10:03
4 - 21% - 20% - 10:11
Normal Defense
1 - 32% - 35% - 15:17
2 - 31% - 30% - 14:49
3 - 30% - 30% - 14:07
4 - 7% - 5% - 3:27
PP Forward
1 - 52% - 60% - 3:42
2 - 48% - 40% - 3:26
PP Defense
1 - 66% - 60% - 4:43
2 - 34% - 40% - 2:25
PK Forward
1 - 75% - 60% - 3:54
2 - 25% - 40% - 1:18
PK Defense
1 - 79% - 60% - 4:05
2 - 21% - 40% - 1:07
PK3 Forward
1 - 0% - 60%
2 - 0% - 40%
PK3 Defense
1 - 0% - 60%
2 - 0% - 40%
44 Forward
1 - 0% - 60%
2 - 0% - 40%
44 Defense
1 - 0% - 60%
2 - 0% - 40%
Last Minute Offensive  - 0:00
Last Minute Defensive  - 0:00
Total
Forward - 60:00
Defense - 60:00

Play-by-Play

1st period


0:01 of 1st period - Robert Nilsson wins face-off versus Jason Spezza in neutral zone.
0:04 of 1st period - Snap shot by Robert Nilsson.
0:04 of 1st period - Shot Misses the Net.
0:39 of 1st period - Snap shot by Jason Spezza.
0:39 of 1st period - Deflect By Mike Cammalleri.
0:39 of 1st period - Shot Misses the Net.
0:39 of 1st period - Puck is out of play.
0:40 of 1st period - Brad Richardson wins face-off versus Derek Roy in Canucks zone.
0:54 of 1st period - Off-side.
0:55 of 1st period - Sean Monahan wins face-off versus Robert Nilsson in neutral zone.
1:00 of 1st period - Snap shot by Sean Monahan.
1:00 of 1st period - Shot Misses the Net.
1:02 of 1st period - Snap shot by Samuel Morin.
1:02 of 1st period - Shot Misses the Net.
1:04 of 1st period - Slapshot by Samuel Morin.
1:04 of 1st period - Stopped by Alexandar Georgiev with a rebound.
1:10 of 1st period - Wrist shot by Sean Monahan.
1:10 of 1st period - Shot Blocked by Brandon Gormley.
1:49 of 1st period - Snap shot by Brad Richardson.
1:49 of 1st period - Stopped by Alexandar Georgiev with a rebound.
1:51 of 1st period - Wrist shot by Mark Stone.
1:51 of 1st period - Shot Misses the Net.
1:53 of 1st period - Slapshot by PK Subban.
1:53 of 1st period - Shot Misses the Net.
2:53 of 1st period - Shea Weber is hit by Mike Cammalleri and loses puck.
4:31 of 1st period - Snap shot by Gustav Nyquist.
4:31 of 1st period - Deflect By Mike Cammalleri.
4:31 of 1st period - Stopped by Chet Pickard with a rebound.
5:09 of 1st period - Wrist shot by Steve Bernier.
5:09 of 1st period - Stopped by Alexandar Georgiev with a rebound.
5:11 of 1st period - Snap shot by Jason Spezza.
5:11 of 1st period - Stopped by Alexandar Georgiev without a rebound.
5:12 of 1st period - Robert Nilsson wins face-off versus Blake Pietila in Canucks zone.
5:25 of 1st period - Snap shot by Sam Gagner.
5:25 of 1st period - Deflect By Blake Pietila.
5:25 of 1st period - Shot Misses the Net.
5:25 of 1st period - Puck is out of play.
5:26 of 1st period - William Karlsson wins face-off versus Robert Nilsson in Capitals zone.
5:26 of 1st period - William Karlsson is hit by Ben Smith.
5:41 of 1st period - Wrist shot by Ben Smith.
5:41 of 1st period - Shot Blocked by Alexei Marchenko.
5:43 of 1st period - Slapshot by Michael Kostka.
5:43 of 1st period - Shot Blocked by Alexei Marchenko.
6:16 of 1st period - Yann Sauvé is hit by Alexei Marchenko and loses puck.
6:25 of 1st period - Snap shot by Jason Akeson.
6:25 of 1st period - Stopped by Chet Pickard with a rebound.
6:36 of 1st period - Cameron Gaunce is hit by Sam Gagner.
6:55 of 1st period - Trevor Daley is hit by Michael Kostka and loses puck.
7:08 of 1st period - Snap shot by Alex Goligoski.
7:08 of 1st period - Shot Misses the Net.
7:10 of 1st period - Slapshot by Michael Kostka.
7:10 of 1st period - Stopped by Chet Pickard with a rebound.
7:12 of 1st period - Snap shot by Fabian Brunnstrom.
7:12 of 1st period - Stopped by Chet Pickard without a rebound.
7:13 of 1st period - Cody Eakin wins face-off versus William Karlsson in Capitals zone.
7:16 of 1st period - Snap shot by Jason Akeson.
7:16 of 1st period - Stopped by Chet Pickard with a rebound.
7:22 of 1st period - Nikita Zaitsev is hit by Cody Eakin and loses puck.
7:51 of 1st period - Alex Goligoski is hit by Samuel Morin and loses puck.
8:02 of 1st period - Wrist shot by Robert Nilsson.
8:02 of 1st period - Stopped by Chet Pickard without a rebound.
8:03 of 1st period - Brad Richardson wins face-off versus Derek Roy in Capitals zone.
8:20 of 1st period - Cameron Gaunce is hit by Alex Goligoski and loses puck.
8:33 of 1st period - Wrist shot by Jason Akeson.
8:33 of 1st period - Stopped by Chet Pickard with a rebound.
8:35 of 1st period - Slapshot by Michael Kostka.
8:35 of 1st period - Shot Misses the Net.
8:37 of 1st period - Slapshot by Michael Kostka.
8:37 of 1st period - Shot Blocked by Cameron Gaunce.
8:39 of 1st period - Wrist shot by Fabian Brunnstrom.
8:39 of 1st period - Stopped by Chet Pickard with a rebound.
8:41 of 1st period - Slapshot by Michael Kostka.
8:41 of 1st period - Stopped by Chet Pickard with a rebound.
10:14 of 1st period - Ben Smith is hit by Sean Monahan and loses puck.
10:31 of 1st period - Fabian Brunnstrom is hit by Jason Spezza.
10:37 of 1st period - Steve Bernier is hit by Fabian Brunnstrom.
10:49 of 1st period - Wrist shot by Victor Hedman.
10:49 of 1st period - Shot Blocked by Alex Goligoski.
10:55 of 1st period - William Karlsson is hit by Jamie Benn and loses puck.
11:31 of 1st period - Slapshot by Brad Richardson.
11:31 of 1st period - Stopped by Alexandar Georgiev without a rebound.
11:32 of 1st period - Cody Eakin wins face-off versus William Karlsson in Canucks zone.
11:39 of 1st period - Nikita Zaitsev is hit by Alex Goligoski and loses puck.
11:54 of 1st period - Minor Penalty to Alex Goligoski for High sticking.
11:55 of 1st period - Derek Roy wins face-off versus Jason Spezza in Canucks zone.
13:07 of 1st period - Steve Bernier is hit by Michael Kostka and loses puck.
13:54 of 1st period - Penalty to Alex Goligoski is over, Alex Goligoski is back on ice.
14:16 of 1st period - Snap shot by Ilya Kovalchuk.
14:16 of 1st period - Stopped by Chet Pickard with a rebound.
14:28 of 1st period - Trevor Daley is hit by Robert Nilsson and loses puck.
15:06 of 1st period - Icing by Derek Roy.
15:07 of 1st period - Sean Monahan wins face-off versus Derek Roy in Canucks zone.
15:17 of 1st period - Minor Penalty to Alex Goligoski for Roughing.
15:18 of 1st period - T.J. Oshie wins face-off versus Derek Roy in Canucks zone.
15:28 of 1st period - Snap shot by Jason Spezza.
15:28 of 1st period - Stopped by Alexandar Georgiev without a rebound.
15:29 of 1st period - Derek Roy wins face-off versus Jason Spezza in Canucks zone.
16:10 of 1st period - Icing by Victor Hedman.
16:11 of 1st period - Derek Roy wins face-off versus Brad Richardson in Capitals zone.
16:26 of 1st period - Wrist shot by Steve Bernier.
16:26 of 1st period - Shot Misses the Net.
16:28 of 1st period - Snap shot by Victor Hedman.
16:28 of 1st period - Deflect By Brad Richardson.
16:28 of 1st period - Goal by Brad Richardson - Canucks : 0 - Capitals : 1.
16:29 of 1st period - Jason Spezza wins face-off versus Robert Nilsson in neutral zone.
16:59 of 1st period - Jamie Benn is hit by Brad Richardson and loses puck.
17:28 of 1st period - Snap shot by Jason Akeson.
17:28 of 1st period - Stopped by Chet Pickard without a rebound.
17:29 of 1st period - Robert Nilsson wins face-off versus Jason Spezza in Capitals zone.
17:32 of 1st period - Slapshot by Ben Smith.
17:32 of 1st period - Stopped by Chet Pickard with a rebound.
17:56 of 1st period - Wrist shot by Sean Monahan.
17:56 of 1st period - Goal by Sean Monahan - Canucks : 0 - Capitals : 2.
17:57 of 1st period - Robert Nilsson wins face-off versus Jason Spezza in neutral zone.
18:10 of 1st period - Snap shot by Robert Nilsson.
18:10 of 1st period - Shot Blocked by Victor Hedman.
18:12 of 1st period - Slapshot by Alex Goligoski.
18:12 of 1st period - Stopped by Chet Pickard without a rebound.
18:13 of 1st period - Brad Richardson wins face-off versus Derek Roy in Capitals zone.
18:20 of 1st period - Wrist shot by Blake Pietila.
18:20 of 1st period - Stopped by Alexandar Georgiev without a rebound.
18:21 of 1st period - Derek Roy wins face-off versus Brad Richardson in Canucks zone.
18:21 of 1st period - Derek Roy is hit by PK Subban.
18:49 of 1st period - Slapshot by Derek Roy.
18:49 of 1st period - Stopped by Chet Pickard with a rebound.
18:51 of 1st period - Wrist shot by Ilya Kovalchuk.
18:51 of 1st period - Stopped by Chet Pickard without a rebound.
18:52 of 1st period - Jason Spezza wins face-off versus Robert Nilsson in Capitals zone.
19:01 of 1st period - Wrist shot by Jason Spezza.
19:01 of 1st period - Stopped by Alexandar Georgiev without a rebound.
19:02 of 1st period - Jason Spezza wins face-off versus Robert Nilsson in Canucks zone.
19:13 of 1st period - Snap shot by Ben Smith.
19:13 of 1st period - Stopped by Chet Pickard with a rebound.
19:32 of 1st period - Wrist shot by Steve Bernier.
19:32 of 1st period - Shot Misses the Net.
19:34 of 1st period - Slapshot by Steve Bernier.
19:34 of 1st period - Shot Blocked by Ben Smith.
19:40 of 1st period - Slapshot by Steve Bernier.
19:40 of 1st period - Stopped by Alexandar Georgiev with a rebound.
19:42 of 1st period - Slapshot by Trevor Daley.
19:42 of 1st period - Stopped by Alexandar Georgiev with a rebound.
Goals for this period are 0 for Canucks vs 2 for Capitals.
Shots for this period are 16 for Canucks vs 12 for Capitals.

2nd period


0:01 of 2nd period - Brad Richardson wins face-off versus Robert Nilsson in neutral zone.
0:04 of 2nd period - Sam Gagner is hit by Brad Richardson and loses puck.
0:18 of 2nd period - Minor Penalty to PK Subban for High sticking.
0:19 of 2nd period - Jason Spezza wins face-off versus Robert Nilsson in Capitals zone.
0:31 of 2nd period - Wrist shot by Robert Nilsson.
0:31 of 2nd period - Stopped by Chet Pickard without a rebound.
0:32 of 2nd period - Jason Spezza wins face-off versus Ben Smith in Capitals zone.
0:37 of 2nd period - Snap shot by Victor Hedman.
0:37 of 2nd period - Shot Blocked by Alex Goligoski.
0:58 of 2nd period - Icing by Jamie Benn.
0:59 of 2nd period - Jason Spezza wins face-off versus Derek Roy in Canucks zone.
1:42 of 2nd period - Slapshot by Michael Kostka.
1:42 of 2nd period - Deflect By Derek Roy.
1:42 of 2nd period - Stopped by Chet Pickard with a rebound.
1:44 of 2nd period - Slapshot by Michael Kostka.
1:44 of 2nd period - Goal by Michael Kostka - Canucks : 1 - Capitals : 2.
1:45 of 2nd period - Robert Nilsson wins face-off versus William Karlsson in neutral zone.
1:50 of 2nd period - Slapshot by Alex Goligoski.
1:50 of 2nd period - Shot Misses the Net.
2:12 of 2nd period - Steve Bernier is hit by Ilya Kovalchuk and loses puck.
3:42 of 2nd period - Wrist shot by PK Subban.
3:42 of 2nd period - Stopped by Alexandar Georgiev without a rebound.
3:43 of 2nd period - Mike Cammalleri wins face-off versus Jamie Benn in Canucks zone.
3:46 of 2nd period - Snap shot by Mike Cammalleri.
3:46 of 2nd period - Stopped by Alexandar Georgiev without a rebound.
3:47 of 2nd period - Jason Spezza wins face-off versus Robert Nilsson in Canucks zone.
3:48 of 2nd period - Snap shot by Steve Bernier.
3:48 of 2nd period - Deflect By Jason Spezza.
3:48 of 2nd period - Shot Misses the Net.
3:48 of 2nd period - Puck is out of play.
3:49 of 2nd period - Robert Nilsson wins face-off versus Jason Spezza in Canucks zone.
4:14 of 2nd period - Alexei Marchenko is hit by Jamie Benn and loses puck.
4:39 of 2nd period - Wrist shot by Jason Akeson.
4:39 of 2nd period - Deflect By PK Subban.
4:39 of 2nd period - Shot Misses the Net.
4:39 of 2nd period - Puck is out of play.
4:40 of 2nd period - Jason Spezza wins face-off versus Cody Eakin in Capitals zone.
4:51 of 2nd period - Snap shot by Jason Spezza.
4:51 of 2nd period - Shot Blocked by Michael Kostka.
4:53 of 2nd period - Snap shot by Steve Bernier.
4:53 of 2nd period - Goal by Steve Bernier - Canucks : 1 - Capitals : 3.
4:54 of 2nd period - Robert Nilsson wins face-off versus Jason Spezza in neutral zone.
4:59 of 2nd period - Snap shot by Robert Nilsson.
4:59 of 2nd period - Shot Blocked by Steve Bernier.
5:01 of 2nd period - Wrist shot by Ben Smith.
5:01 of 2nd period - Shot Misses the Net.
5:03 of 2nd period - Snap shot by Alex Goligoski.
5:03 of 2nd period - Shot Blocked by Mike Cammalleri.
5:05 of 2nd period - Slapshot by Alex Goligoski.
5:05 of 2nd period - Stopped by Chet Pickard without a rebound.
5:06 of 2nd period - Brad Richardson wins face-off versus Robert Nilsson in Capitals zone.
5:40 of 2nd period - Snap shot by Derek Roy.
5:40 of 2nd period - Stopped by Chet Pickard without a rebound.
5:41 of 2nd period - Sam Gagner wins face-off versus Sean Monahan in Capitals zone.
5:50 of 2nd period - Sam Gagner is hit by Samuel Morin and loses puck.
5:57 of 2nd period - Slapshot by Rick Nash.
5:57 of 2nd period - Shot Misses the Net.
6:15 of 2nd period - Wrist shot by Ilya Kovalchuk.
6:15 of 2nd period - Shot Misses the Net.
6:17 of 2nd period - Snap shot by Ilya Kovalchuk.
6:17 of 2nd period - Stopped by Chet Pickard without a rebound.
6:18 of 2nd period - Brad Richardson wins face-off versus Robert Nilsson in Capitals zone.
6:32 of 2nd period - Victor Hedman is hit by Robert Nilsson.
6:33 of 2nd period - Icing by Victor Hedman.
6:34 of 2nd period - Jamie Benn wins face-off versus Brad Richardson in Capitals zone.
6:43 of 2nd period - Snap shot by Mark Stone.
6:43 of 2nd period - Stopped by Alexandar Georgiev without a rebound.
6:44 of 2nd period - Derek Roy wins face-off versus Jason Spezza in Canucks zone.
6:48 of 2nd period - Off-side.
6:49 of 2nd period - Sam Gagner wins face-off versus Jason Spezza in neutral zone.
7:01 of 2nd period - Robert Nilsson is hit by Mike Cammalleri and loses puck.
7:40 of 2nd period - Wrist shot by William Karlsson.
7:40 of 2nd period - Stopped by Alexandar Georgiev without a rebound.
7:41 of 2nd period - Cody Eakin wins face-off versus William Karlsson in Canucks zone.
7:56 of 2nd period - Slapshot by William Karlsson.
7:56 of 2nd period - Stopped by Alexandar Georgiev without a rebound.
7:57 of 2nd period - Robert Nilsson wins face-off versus Jason Spezza in Canucks zone.
9:11 of 2nd period - Snap shot by Sam Gagner.
9:11 of 2nd period - Shot Misses the Net.
9:42 of 2nd period - Minor Penalty to Anton Zlobin for Interference.
9:43 of 2nd period - Brad Richardson wins face-off versus Derek Roy in Canucks zone.
11:42 of 2nd period - Penalty to Anton Zlobin is over, Anton Zlobin is back on ice.
11:46 of 2nd period - Backhand shot by Maxim Talbot.
11:46 of 2nd period - Shot Misses the Net.
11:52 of 2nd period - Snap shot by Fabian Brunnstrom.
11:52 of 2nd period - Stopped by Chet Pickard without a rebound.
11:53 of 2nd period - Sean Monahan wins face-off versus Cody Eakin in Capitals zone.
12:08 of 2nd period - Snap shot by Rick Nash.
12:08 of 2nd period - Deflect By Jason Akeson.
12:08 of 2nd period - Stopped by Alexandar Georgiev with a rebound.
12:10 of 2nd period - Slapshot by Sean Monahan.
12:10 of 2nd period - Stopped by Alexandar Georgiev without a rebound.
12:11 of 2nd period - Patrick Sharp wins face-off versus Robert Nilsson in Canucks zone.
12:12 of 2nd period - Slapshot by William Karlsson.
12:12 of 2nd period - Shot Blocked by Robert Nilsson.
12:20 of 2nd period - Trevor Daley is hit by Michael Kostka and loses puck.
12:29 of 2nd period - Sam Gagner is hit by Patrick Sharp.
12:38 of 2nd period - Off-side.
12:39 of 2nd period - Jamie Benn wins face-off versus Brad Richardson in neutral zone.
12:50 of 2nd period - Wrist shot by Derek Roy.
12:50 of 2nd period - Stopped by Chet Pickard with a rebound.
14:14 of 2nd period - Slapshot by Alex Goligoski.
14:14 of 2nd period - Shot Blocked by Nikita Zaitsev.
14:52 of 2nd period - Wrist shot by Ilya Kovalchuk.
14:52 of 2nd period - Deflect By Derek Roy.
14:52 of 2nd period - Stopped by Chet Pickard with a rebound.
14:54 of 2nd period - Snap shot by Shea Weber.
14:54 of 2nd period - Shot Blocked by Alexei Marchenko.
14:56 of 2nd period - Snap shot by Ilya Kovalchuk.
14:56 of 2nd period - Stopped by Chet Pickard with a rebound.
14:58 of 2nd period - Snap shot by Derek Roy.
14:58 of 2nd period - Stopped by Chet Pickard with a rebound.
15:18 of 2nd period - Snap shot by Samuel Morin.
15:18 of 2nd period - Stopped by Alexandar Georgiev with a rebound.
15:20 of 2nd period - Wrist shot by Rick Nash.
15:20 of 2nd period - Stopped by Alexandar Georgiev with a rebound.
17:30 of 2nd period - Alexei Marchenko is hit by Sam Gagner and loses puck.
18:05 of 2nd period - Alexei Marchenko is hit by Yann Sauvé.
18:09 of 2nd period - Fabian Brunnstrom is hit by Mark Stone and loses puck.
18:28 of 2nd period - Gustav Nyquist is hit by Jason Spezza and loses puck.
18:33 of 2nd period - Snap shot by Steve Bernier.
18:33 of 2nd period - Deflect By Jason Spezza.
18:33 of 2nd period - Stopped by Alexandar Georgiev with a rebound.
18:43 of 2nd period - Sean Monahan is hit by Robert Nilsson and loses puck.
18:54 of 2nd period - Wrist shot by Sean Monahan.
18:54 of 2nd period - Stopped by Alexandar Georgiev with a rebound.
19:16 of 2nd period - Snap shot by Ben Smith.
19:16 of 2nd period - Deflect By Robert Nilsson.
19:16 of 2nd period - Stopped by Chet Pickard with a rebound.
Goals for this period are 1 for Canucks vs 1 for Capitals.
Shots for this period are 12 for Canucks vs 12 for Capitals.

3rd period


0:01 of 3rd period - Jason Spezza wins face-off versus Robert Nilsson in neutral zone.
0:10 of 3rd period - Snap shot by Steve Bernier.
0:10 of 3rd period - Stopped by Alexandar Georgiev without a rebound.
0:11 of 3rd period - Jason Spezza wins face-off versus Robert Nilsson in Canucks zone.
0:36 of 3rd period - Mark Stone is hit by Michael Kostka and loses puck.
1:02 of 3rd period - Wrist shot by Maxim Talbot.
1:02 of 3rd period - Deflect By Anton Zlobin.
1:02 of 3rd period - Shot Blocked by Brad Richardson.
1:02 of 3rd period - Puck is out of play.
1:03 of 3rd period - Maxim Talbot wins face-off versus Jason Spezza in Capitals zone.
1:52 of 3rd period - Wrist shot by Robert Nilsson.
1:52 of 3rd period - Stopped by Chet Pickard with a rebound.
2:04 of 3rd period - Robert Nilsson is hit by Trevor Daley and loses puck.
2:15 of 3rd period - Snap shot by Ilya Kovalchuk.
2:15 of 3rd period - Stopped by Chet Pickard without a rebound.
2:16 of 3rd period - Derek Roy wins face-off versus Mark Stone in Capitals zone.
2:17 of 3rd period - Wrist shot by Ilya Kovalchuk.
2:17 of 3rd period - Shot Misses the Net.
2:24 of 3rd period - Icing by Derek Roy.
2:25 of 3rd period - Jason Spezza wins face-off versus Derek Roy in Canucks zone.
2:46 of 3rd period - Snap shot by Ilya Kovalchuk.
2:46 of 3rd period - Stopped by Chet Pickard with a rebound.
3:08 of 3rd period - Wrist shot by Steve Bernier.
3:08 of 3rd period - Shot Misses the Net.
3:14 of 3rd period - Wrist shot by Steve Bernier.
3:14 of 3rd period - Stopped by Alexandar Georgiev with a rebound.
3:16 of 3rd period - Wrist shot by Mike Cammalleri.
3:16 of 3rd period - Stopped by Alexandar Georgiev with a rebound.
3:18 of 3rd period - Snap shot by Steve Bernier.
3:18 of 3rd period - Stopped by Alexandar Georgiev without a rebound.
3:19 of 3rd period - Brad Richardson wins face-off versus Robert Nilsson in Canucks zone.
3:24 of 3rd period - Slapshot by Mark Stone.
3:24 of 3rd period - Shot Blocked by Shea Weber.
3:26 of 3rd period - Slapshot by Cameron Gaunce.
3:26 of 3rd period - Stopped by Alexandar Georgiev without a rebound.
3:27 of 3rd period - Robert Nilsson wins face-off versus Brad Richardson in Canucks zone.
3:35 of 3rd period - Minor Penalty to Brad Richardson for Hooking.
3:36 of 3rd period - Robert Nilsson wins face-off versus Jason Spezza in Capitals zone.
3:43 of 3rd period - Snap shot by Sam Gagner.
3:43 of 3rd period - Shot Misses the Net.
3:45 of 3rd period - Slapshot by Jeff Schultz.
3:45 of 3rd period - Shot Misses the Net.
3:47 of 3rd period - Wrist shot by Sam Gagner.
3:47 of 3rd period - Shot Misses the Net.
3:49 of 3rd period - Slapshot by Alex Goligoski.
3:49 of 3rd period - Stopped by Chet Pickard with a rebound.
3:51 of 3rd period - Slapshot by Alex Goligoski.
3:51 of 3rd period - Deflect By Robert Nilsson.
3:51 of 3rd period - Shot Misses the Net.
3:51 of 3rd period - Puck is out of play.
3:52 of 3rd period - Jason Spezza wins face-off versus Robert Nilsson in Capitals zone.
4:30 of 3rd period - Slapshot by Alex Goligoski.
4:30 of 3rd period - Deflect By Ilya Kovalchuk.
4:30 of 3rd period - Stopped by Chet Pickard without a rebound.
4:31 of 3rd period - Derek Roy wins face-off versus Sean Monahan in Capitals zone.
4:34 of 3rd period - Snap shot by Derek Roy.
4:34 of 3rd period - Shot Misses the Net.
5:04 of 3rd period - Slapshot by Shea Weber.
5:04 of 3rd period - Shot Blocked by Jason Spezza.
5:06 of 3rd period - Slapshot by Michael Kostka.
5:06 of 3rd period - Stopped by Chet Pickard with a rebound.
5:35 of 3rd period - Penalty to Brad Richardson is over, Brad Richardson is back on ice.
5:58 of 3rd period - Wrist shot by Jason Akeson.
5:58 of 3rd period - Shot Misses the Net.
6:47 of 3rd period - Jason Akeson is hit by Nikita Zaitsev and loses puck.
8:07 of 3rd period - Slapshot by Alex Goligoski.
8:07 of 3rd period - Deflect By William Karlsson.
8:07 of 3rd period - Stopped by Chet Pickard with a rebound.
8:09 of 3rd period - Snap shot by Fabian Brunnstrom.
8:09 of 3rd period - Goal by Fabian Brunnstrom - Canucks : 2 - Capitals : 3.
8:10 of 3rd period - Jason Spezza wins face-off versus Robert Nilsson in neutral zone.
9:01 of 3rd period - Snap shot by Sean Monahan.
9:01 of 3rd period - Stopped by Alexandar Georgiev with a rebound.
9:03 of 3rd period - Slapshot by Nikita Zaitsev.
9:03 of 3rd period - Stopped by Alexandar Georgiev without a rebound.
9:04 of 3rd period - Robert Nilsson wins face-off versus Sean Monahan in Canucks zone.
9:09 of 3rd period - Slapshot by Sean Monahan.
9:09 of 3rd period - Stopped by Alexandar Georgiev without a rebound.
9:10 of 3rd period - Robert Nilsson wins face-off versus Steve Bernier in Canucks zone.
9:53 of 3rd period - Icing by Ben Smith.
9:54 of 3rd period - Brad Richardson wins face-off versus Derek Roy in Canucks zone.
9:59 of 3rd period - Slapshot by Blake Pietila.
9:59 of 3rd period - Deflect By Mark Stone.
9:59 of 3rd period - Shot Misses the Net.
9:59 of 3rd period - Puck is out of play.
10:00 of 3rd period - Brad Richardson wins face-off versus Derek Roy in Canucks zone.
10:13 of 3rd period - Jamie Benn is hit by Mark Stone and loses puck.
11:16 of 3rd period - Snap shot by Alex Goligoski.
11:16 of 3rd period - Deflect By Derek Roy.
11:16 of 3rd period - Stopped by Chet Pickard without a rebound.
11:17 of 3rd period - Jason Spezza wins face-off versus Robert Nilsson in Capitals zone.
11:42 of 3rd period - Shea Weber is hit by Samuel Morin and loses puck.
12:08 of 3rd period - Minor Penalty to Jason Akeson for Tripping.
12:09 of 3rd period - Jason Spezza wins face-off versus Derek Roy in Canucks zone.
12:13 of 3rd period - Wrist shot by Jason Spezza.
12:13 of 3rd period - Shot Blocked by Derek Roy.
12:15 of 3rd period - Backhand shot by PK Subban.
12:15 of 3rd period - Stopped by Alexandar Georgiev without a rebound.
12:16 of 3rd period - Derek Roy wins face-off versus Jason Spezza in Canucks zone.
12:29 of 3rd period - Slapshot by Victor Hedman.
12:29 of 3rd period - Stopped by Alexandar Georgiev with a rebound.
12:31 of 3rd period - Slapshot by Victor Hedman.
12:31 of 3rd period - Shot Misses the Net.
14:08 of 3rd period - Penalty to Jason Akeson is over, Jason Akeson is back on ice.
14:31 of 3rd period - Wrist shot by Derek Roy.
14:31 of 3rd period - Stopped by Chet Pickard with a rebound.
14:33 of 3rd period - Wrist shot by Derek Roy.
14:33 of 3rd period - Shot Blocked by Nikita Zaitsev.
14:35 of 3rd period - Wrist shot by Robert Nilsson.
14:35 of 3rd period - Shot Blocked by Nikita Zaitsev.
14:37 of 3rd period - Snap shot by Jason Akeson.
14:37 of 3rd period - Stopped by Chet Pickard with a rebound.
14:39 of 3rd period - Slapshot by Jeff Schultz.
14:39 of 3rd period - Shot Blocked by Rick Nash.
14:41 of 3rd period - Slapshot by Derek Roy.
14:41 of 3rd period - Shot Misses the Net.
15:11 of 3rd period - Snap shot by Jason Akeson.
15:11 of 3rd period - Stopped by Chet Pickard without a rebound.
15:12 of 3rd period - Jason Spezza wins face-off versus Anton Zlobin in Capitals zone.
15:21 of 3rd period - Snap shot by Steve Bernier.
15:21 of 3rd period - Shot Blocked by Brandon Gormley.
15:42 of 3rd period - Cameron Gaunce is hit by Jamie Benn.
16:25 of 3rd period - Shea Weber is hit by Jason Spezza and loses puck.
17:05 of 3rd period - Mark Stone is hit by Alex Goligoski and loses puck.
17:20 of 3rd period - Icing by Cameron Gaunce.
17:21 of 3rd period - Jason Akeson wins face-off versus T.J. Oshie in Capitals zone.
17:46 of 3rd period - Jamie Benn is hit by Mike Cammalleri and loses puck.
18:12 of 3rd period - Minor Penalty to Alexei Marchenko for Holding.
18:13 of 3rd period - Ben Smith wins face-off versus Jason Spezza in Capitals zone.
18:27 of 3rd period - Jason Spezza is hit by Sam Gagner and loses puck.
19:26 of 3rd period - Snap shot by Sean Monahan.
19:26 of 3rd period - Stopped by Alexandar Georgiev with a rebound.
Goals for this period are 1 for Canucks vs 0 for Capitals.
Shots for this period are 12 for Canucks vs 11 for Capitals.